 Dungeon Crawl Stone Soup version 0.19-a0-722-g27ac516 (webtiles) character file.

65 Leszczynek the Cudgeler (level 3, 0/29 HPs)
             Began as a Demigod Wanderer on June 21, 2016.
             Slain by Natasha (6 damage)
             ... on level 2 of the Dungeon.
             The game lasted 00:02:29 (1221 turns).

Leszczynek the Cudgeler (Demigod Wanderer)          Turns: 1221, Time: 00:02:30

Health: 0/29       AC:  5    Str: 18    XL:     3   Next: 66%
Magic:  5/5        EV: 12    Int: 18    God:
Gold:   39         SH:  0    Dex: 16    Spells: 0 memorised, 2 levels left

rFire  . . .     SeeInvis .     a - +2 mace
rCold  . . .     Gourm    .     j - +0 ring mail
rNeg   . . .     Faith    .     (no shield)
rPois  .         Spirit   .     (no helmet)
rElec  .         Dismiss  .     (no cloak)
rCorr  .         Reflect  .     (no gloves)
SustAt +         Harm     .     (no boots)
MR     .....                    (no amulet)
Stlth  +.........               (no ring)
                                h - +4 ring of intelligence

@: not resistant to hostile enchantments, very unstealthy
A: high mp 1, sustain attributes
a: no special abilities


You were on level 2 of the Dungeon.
You were not hungry.

You visited 1 branch of the dungeon, and saw 2 of its levels.

You collected 39 gold pieces.

Inventory:

Hand Weapons
 a - a +2 mace (weapon)
 o - a cursed +0 flail
Missiles
 l - 29 arrows
Armour
 j - a +0 ring mail (worn)
 m - a +2 chain mail of poison resistance
Jewellery
 h - a +4 ring of intelligence (left hand)
Scrolls
 d - a scroll of recharging {unknown}
 k - a scroll of fog {unknown}
Potions
 b - a potion of lignification
 c - 2 potions of curing
 e - 2 potions of brilliance {unknown}
 n - a potion of degeneration {unknown}
Comestibles
 f - a bread ration
 g - 7 chunks of flesh
 i - 4 fruits


   Skills:
 - Level 1.7 Fighting
 - Level 3.0 Maces & Flails
 - Level 1.7 Throwing
 + Level 3.0 Dodging
 - Level 1.0 Stealth
 - Level 1.7 Unarmed Combat


You had 2 spell levels left.
You didn't know any spells.

Dungeon Overview and Level Annotations

Branches:
Dungeon (2/15)

Annotations:
D:2 Natasha


Innate Abilities, Weirdness & Mutations

You have an increased reservoir of magic. (+10% MP)
Your attributes are resistant to harm.


Message History

You feel troubled. Natasha barely misses you.
You barely miss Natasha.
Natasha is severely wounded.
Natasha claws you.
You hit Natasha.
Natasha is almost dead.
Natasha claws you.
The iron imp summons a swarm of flies.
A gnoll comes into view.
You closely miss Natasha.
Natasha is almost dead.
The gnoll shouts!
Natasha claws you!
* * * LOW HITPOINT WARNING * * *
Natasha barely misses you.
You closely miss Natasha.
Natasha is almost dead.
Natasha claws you.
You die...

....# ....# #..... ...#
#..... ...# #..... ###.# #.
#?...h#######...## #######.
.............#..# #....##.
!..#####.(....# #....##.
##.###.#.5h@.###..###....##.
..........#######..##....##.
.?...#g.#..........#.....##.
###.......................##.
....#....###.................
...........#........###......
.......#...#........##..####>
......#.#..#...........## #.
....#._.#...####...... ##


You could see an iron imp, Natasha and a gnoll.

Vanquished Creatures
  2 gnolls (D:2)
  An adder (D:2)
  3 dart slugs
  2 giant geckos
  A giant cockroach (D:2)
  A goblin (D:1)
  5 hobgoblins (D:1)
  2 kobolds (D:1)
  A ball python (D:1)
  2 bats
  2 giant newts (D:1)
  11 rats
33 creatures vanquished.

Notes
Turn   | Place    | Note
--------------------------------------------------------------
     0 | D:1      | Leszczynek the Demigod Wanderer began the quest for the Orb.
     0 | D:1      | Leszczynek set off with: a +2 mace, a potion of lignification, a potion of curing, a +0 robe, a bread ration
     0 | D:1      | Reached XP level 1. HP: 17/17 MP: 3/3
   194 | D:1      | Reached skill level 3 in Maces & Flails
   219 | D:1      | Reached skill level 1 in Dodging
   223 | D:1      | Reached XP level 2. HP: 15/24 MP: 4/4
   708 | D:1      | Reached skill level 2 in Dodging
   900 | D:2      | Found a glowing golden altar of the Shining One.
   903 | D:2      | Found an iron altar of Okawaru.
   924 | D:2      | Reached XP level 3. HP: 21/29 MP: 5/5
  1200 | D:2      | Reached skill level 3 in Dodging
  1206 | D:2      | Noticed Natasha
  1221 | D:2      | Slain by Natasha

Vault maps used:
D:1:      mrwooster_arrival_statue_2, minivault_4, st_stairs_8
D:2:      overflow_temple_1_default, okawaru_metal_pillars_3, uniq_natasha

Skill      XL: |  1  2  3 |
---------------+----------+-----
Maces & Flails | 3 |  3.0
Dodging        | 1 2 3 |  3.0
Fighting       | |  1.7
Throwing       | |  1.7
Stealth        | |  1.0
Unarmed Combat | |  1.7

Action                   || total
-------------------------++-------
Melee: Mace              ||    82
 Stab: Sleeping          ||     2
  Eat: Chunk             ||     1
Armor: Robe              ||     4
       Ring mail         ||    21
Dodge: Dodged            ||    45
